 Dungeon Crawl Stone Soup version 0.28.0 (webtiles) character file.

Game seed: 7687874672917710517

245 Arcadio the Sneak (level 6, -2/52 HPs)
             Began as a Naga Hedge Wizard on Feb 10, 2022.
             Was an Initiate of Cheibriados.
             Slain by Duvessa (15 damage)
             ... on level 4 of the Dungeon.
             The game lasted 00:23:48 (4573 turns).

Arcadio the Sneak (Naga Hedge Wizard)               Turns: 4573, Time: 00:23:48

Health: -2/52      AC:  3    Str: 13    XL:     6   Next: 10%
Magic:  2/12       EV: 25    Int: 22    God:    Cheibriados [......]
Gold:   170        SH:  0    Dex: 12    Spells: 5/13 levels left

rFire   . . .      SeeInvis +   k - +4 hand axe "Zony" {vorpal, rElec Int+5}
rCold   . . .      Faith    .   (no shield)
rNeg    . . .      Spirit   .   b - +0 robe
rPois   +          Reflect  .   c - +0 hat
rElec   +          Harm     .   (no cloak)
rCorr   +          Rampage  .   (no gloves)
Will    .....                   (no barding)
Stlth   +++.......              q - amulet of the acrobat
HPRegen 0.17/turn               e - ring of flight
MPRegen 0.13/turn               h - ring of resist corrosion

@: about to teleport, acrobatic, on blink cooldown, flying, very slow
A: AC +2, large, see invisible, deformed body, poison resistance, slowness 2,
spit poison 1, naga tail 1
a: Spit Poison, Renounce Religion


You were on level 4 of the Dungeon.
You worshipped Cheibriados.
Cheibriados was noncommittal.
You visited 2 branches of the dungeon, and saw 5 of its levels.

You collected 170 gold pieces.

Inventory:

Hand Weapons
 a - a +0 dagger
 i - a +2 hand axe of draining
 k - the +4 hand axe "Zony" (weapon) {vorpal, rElec Int+5}
   (You found it on level 2 of the Dungeon)

   It inflicts extra damage upon your enemies.
   Int:       It affects your intelligence (+5).
   rElec:     It insulates you from electricity.
Armour
 b - a +0 robe (worn)
 c - a +0 hat (worn)
Jewellery
 e - a ring of flight (left hand)
 h - a ring of resist corrosion (right hand)
 q - an amulet of the acrobat (around neck)
Wands
 s - a wand of digging (3)
Scrolls
 d - 2 scrolls of teleportation
 g - a scroll of fog {unknown}
 j - a scroll of magic mapping {unknown}
 l - a scroll of enchant armour {unknown}
 o - a scroll of amnesia {unknown}
 p - 2 scrolls of identify
 r - a scroll of torment {unknown}
Potions
 f - a potion of flight
 m - 2 potions of mutation
 t - a potion of invisibility {unknown}


   Skills:
 + Level 1.8 Fighting
 - Level 0.6 Short Blades
 + Level 2.5 Dodging
 + Level 4.4 Stealth
 + Level 4.2 Spellcasting
 + Level 2.4 Conjurations
 + Level 1.5 Summonings
 - Level 1.0 Translocations


You had 5 spell levels left.
You knew the following spells:

 Your Spells              Type           Power      Damage    Failure   Level
a - Magic Dart            Conj           60%        1d6       4%          1
b - Blink                 Tloc           18%        N/A       11%         2
c - Call Imp              Summ           11%        N/A       9%          2
d - Mephitic Cloud        Conj/Pois/Air  8%         N/A       24%         3

Your spell library contained the following spells:

 Spells                   Type           Power      Damage    Failure   Level
 Slow                     Hex            16%        N/A       11%         1
 Conjure Flame            Conj/Fire      9%         6-21      21%         3


Dungeon Overview and Level Annotations

Branches:
Dungeon (4/15)             Temple (1/1) D:4

Altars:
Ashenzari
Cheibriados
Elyvilon
Fedhas
Gozag
Hepliaklqana
Kikubaaqudgha
Makhleb
Nemelex Xobeh
Okawaru
Ru
Sif Muna
Uskayaw
Vehumet
Wu Jian
Xom
Yredelemnul
Zin
The Shining One

Annotations:
D:4 Duvessa


Innate Abilities, Weirdness & Mutations

Your serpentine skin is tough. (AC +2)
You have supernaturally acute eyesight. (SInv)
Armour fits poorly on your strangely shaped body.
Your system is resistant to poisons. (rPois)
You cover ground very slowly.
You can spit poison.
You have a snake-like lower body.


Message History

Duvessa is lightly wounded.
Duvessa hits you with a +0 short sword! x2
Casting: Magic Dart (safe; 4% risk of failure)
Confirm with . or Enter, or press ? or * to list all spells.
You blink.
You feel much better.
Duvessa rages.
Okay, then.
Aiming: Spit Poison (1% risk of failure)
Press: ? - help, Shift-Dir - straight line, f - Duvessa
Aim: Duvessa, wielding a +0 short sword, wearing a +0 leather armour and carrying a wand of flame (28) (lightly wounded, berserk, 65% to hit)
The splash of poison hits Duvessa but does no damage.
Duvessa is poisoned.
Duvessa is lightly wounded.
Okay, then.
Casting: Blink (safe; 11% risk of failure)
Confirm with . or Enter, or press ? or * to list all spells.
A beastly little devil appears in a puff of flame.
Duvessa closely misses you. x2
Duvessa hits you with a +0 short sword! Duvessa closely misses you.
You hit Duvessa.
Duvessa is moderately wounded.
You feel stable enough to blink again.
Duvessa looks more healthy.
Duvessa barely misses you.
Your crimson imp hits Duvessa but does no damage.
Duvessa hits you with a +0 short sword!
* * * LOW HITPOINT WARNING * * *
Okay, then.
Casting: Call Imp (safe; 9% risk of failure)
Confirm with . or Enter, or press ? or * to list all spells.
You blink.
Your crimson imp hits Duvessa.
Okay, then.
Okay, then.
As you read the scroll labelled DUESAST YSHRAFI, it crumbles to dust.
You feel strangely unstable.
It was a scroll of teleportation.
You have got your breath back.
Duvessa rages.
Your crimson imp blinks!
Duvessa hits you with a +0 short sword!
You die...

..[...................(...#.#
......#.#.#...............>..
......#.#.##................#
.............#..###..######.#
......#.#.##.#..##...#####
#.##....#.##.#..##.........
........#.##.#...........##
#.##....#.##.#..##...#####
#..............e@........
..##...##........#...####
#.......####)........#
..#.....####5#.......#
#.#..............#...#
#.......#.......##...#
...#....###............
##.#....# #............
........# #.........#


You could see Duvessa (berserk, ally target) and a friendly crimson imp
(summoned).

Vanquished Creatures
  Dowan (D:4)
  A centaur skeleton (D:4)
  Jessica (D:2)
  An iguana (D:4)
  An adder (D:4)
  2 dart slugs
  10 endoplasms
  4 giant cockroaches
  8 goblins
  9 hobgoblins
  7 kobolds
  A quokka (D:2)
  4 ball pythons
  3 bats
  3 frilled lizards
  5 rats
61 creatures vanquished.

Vanquished Creatures (collateral kills)
  An orc priest (D:3)
  2 worms (D:2)
  3 orcs (D:3)
6 creatures vanquished.

Grand Total: 67 creatures vanquished

Notes
Turn   | Place    | Note
-------+----------+-------------------------------------------
     0 | D:1      | Arcadio the Naga Hedge Wizard began the quest for the Orb.
     0 | D:1      | Reached XP level 1. HP: 15/15 MP: 4/4
   367 | D:1      | Reached XP level 2. HP: 22/22 MP: 1/6
  1065 | D:1      | Reached XP level 3. HP: 28/28 MP: 5/8
  1068 | D:1      | Learned a level 2 spell: Blink
  1071 | D:1      | Learned a level 2 spell: Call Imp
  1075 | D:1      | Learned a level 3 spell: Mephitic Cloud
  1316 | D:1      | You fall into a shaft and drop 1 floor!
  1405 | D:2      | Found a faded altar of an unknown god.
  1469 | D:2      | Noticed Jessica
  1476 | D:2      | Killed Jessica
  1477 | D:2      | Reached XP level 4. HP: 27/37 MP: 9/9
  1697 | D:2      | Identified the +4 hand axe "Zony" {vorpal, rElec Int+5}
  2484 | D:2      | Reached skill level 1 in Fighting
  2703 | D:3      | Reached XP level 5. HP: 44/44 MP: 5/11
  4092 | D:4      | Found a staircase to the Ecumenical Temple.
  4101 | Temple   | Entered the Ecumenical Temple
  4313 | Temple   | Became a worshipper of Cheibriados the Contemplative
  4532 | D:4      | Noticed Duvessa
  4532 | D:4      | Noticed Dowan
  4558 | D:4      | Killed Dowan
  4559 | D:4      | Reached XP level 6. HP: 48/52 MP: 6/12
  4573 | D:4      | Slain by Duvessa

Illustrated notes

Levels and vault maps discovered:
D:1:      minmay_arrival_pointy, layout_rooms, minmay_close_crescents
D:2:      layout_loops_ring, shapermc_ecumenical_altar_starsandcircs,
          uniq_jessica
D:3:      layout_basic
D:4:      layout_basic, minmay_temple_entry_ruins, uniq_duvessa
Temple:   mainiacjoe_temple_bowtie_tessellation

Skill      XL: |  1  2  3  4  5 |
---------------+----------------+-----
Dodging        | 2 |  2.5
Fighting       | 1 |  1.8
Spellcasting   | 4 |  4.2
Conjurations   | 2 |  2.4
Stealth        | 4 |  4.4
Short Blades   | |  0.6
Summonings     | |  1.5
Translocations | |  1.0

Action                   |  1- 3 |  4- 6 || total
-------------------------+-------+-------++-------
Melee: Dagger            |    29 |       ||    29
       Hand axe          |     2 |    49 ||    51
Throw: Dart              |       |     2 ||     2
 Cast: Magic Dart        |    53 |    38 ||    91
       Call Imp          |       |     6 ||     6
       Mephitic Cloud    |       |     2 ||     2
       Blink             |       |     2 ||     2
 Abil: Spit Poison       |    10 |     7 ||    17
  Use: Scroll            |       |     5 ||     5
       Potion            |       |     2 ||     2
 Stab: Sleeping          |     1 |     4 ||     5
Armor: Robe              |     3 |     8 ||    11
Dodge: Dodged            |    10 |    25 ||    35
